1860 views
Uploaded 2023-04-18 20:51:48
Game version 1.35 (6115)
16:33 long 4on4 ladder game on (8)Nightopia_S2
Saved by DKnight
1860 views
Uploaded 2023-04-18 20:51:48
Game version 1.35 (6115)
16:33 long 4on4 ladder game on (8)Nightopia_S2

132 units @ 21.4k
/ 3.5k
71 buildings @ 10.1k
/ 3.8k



| Rod of Necromancy | 1 | 150 |
| Orb of Corruption | 1 | 375 |
| Potion of Healing | 1 | 150 |
| Lesser Clarity Potion | 1 | 70 |
| total: | 4 | 745g |
| Acolyte | 8 | 600 | / | 0 |
| Ghoul | 3 | 360 | / | 0 |
| Crypt Fiend | 14 | 3010 | / | 560 |
| Gargoyle | 1 | 175 | / | 30 |
| Obsidian Statue | 2 | 400 | / | 70 |
| Abomination | 2 | 480 | / | 140 |
| total: | 30 | 5025g | / | 800w |
| Nerubian Tower | 1 | 100 | / | 20 |
| Spirit Tower | 1 | 145 | / | 40 |
| Crypt | 2 | 400 | / | 100 |
| Graveyard | 1 | 215 | / | 0 |
| Altar of Darkness | 1 | 180 | / | 50 |
| Ziggurat | 6 | 900 | / | 300 |
| Tomb of Relics | 1 | 130 | / | 30 |
| Necropolis | 1 | 225 | / | 0 |
| Slaughterhouse | 1 | 140 | / | 135 |
| Halls of the Dead | 1 | 320 | / | 210 |
| Black Citadel | 1 | 325 | / | 230 |
| total: | 13 | 2190g | / | 615w |
| 0:02 | Acolyte |
| 0:02 | Acolyte |
| 0:06 | Crypt |
| 0:34 | Graveyard |
| 0:47 | Altar of Darkness |
| 0:57 | Ziggurat |
| 1:09 | Ghoul |
| 1:26 | Tomb of Relics |
| 1:52 | Ghoul |
| 1:56 | Ziggurat |
| 2:13 | Crypt Fiend |
| 2:47 | Rod of Necromancy |
| 2:54 | Death Coil |
| 3:09 | Crypt Fiend |
| 3:33 | Halls of the Dead |
| 3:40 | Crypt Fiend |
| 4:20 | Unholy Aura |
| 4:27 | Ziggurat |
| 4:28 | Crypt Fiend |
| 4:41 | Ghoul |
| 5:26 | Crypt Fiend |
| 5:57 | Acolyte |
| 6:00 | Slaughterhouse |
| 6:16 | Death Coil |
| 6:54 | Frost Nova |
| 7:02 | Black Citadel |
| 7:48 | Ziggurat |
| 7:51 | Necropolis |
| 8:01 | Creature Attack |
| 8:05 | Web |
| 8:26 | Ziggurat |
| 8:34 | Gargoyle |
| 8:52 | Crypt Fiend |
| 8:53 | Obsidian Statue |
| 9:00 | Ziggurat |
| 9:39 | Crypt Fiend |
| 10:02 | Crypt Fiend |
| 10:04 | Dark Ritual |
| 10:07 | Death Pact |
| 10:22 | Crypt Fiend |
| 10:40 | Crypt Fiend |
| 10:43 | Acolyte |
| 10:44 | Acolyte |
| 10:45 | Improved Creature Attack |
| 11:14 | Obsidian Statue |
| 11:15 | Acolyte |
| 11:43 | Crypt Fiend |
| 11:50 | Frost Nova |
| 12:00 | Crypt Fiend |
| 12:43 | Acolyte |
| 12:48 | Acolyte |
| 12:49 | Nerubian Tower |
| 13:23 | Spirit Tower |
| 13:36 | Abomination |
| 13:39 | Impale |
| 13:46 | Orb of Corruption |
| 13:54 | Potion of Healing |
| 14:10 | Lesser Clarity Potion |
| 15:39 | Crypt Fiend |
| 15:48 | Death Coil |
| 15:56 | Spiked Carapace |
| 15:58 | Crypt Fiend |
| 16:00 | Abomination |
| 16:02 | Crypt |
| 16:05 | Advanced Creature Attack |
| 16:10 | Frost Armor |
| Right click | 933 |
| Select group | 821 |
| Select | 311 |
| Misc. action | 129 |
| Build/train/purchase | 74 |
| Use ability | 40 |
| Assign group | 36 |
| Minimap ping | 2 |
| Item give/drop | 1 |
| Remove unit | 1 |



| Rod of Necromancy | 2 | 300 |
| Scroll of Town Portal | 1 | 350 |
| Ring of Regeneration | 2 | 600 |
| total: | 5 | 1250g |
| Acolyte | 8 | 600 | / | 0 |
| Ghoul | 3 | 360 | / | 0 |
| Crypt Fiend | 11 | 2365 | / | 440 |
| Frost Wyrm | 5 | 1925 | / | 600 |
| Obsidian Statue | 3 | 600 | / | 105 |
| Goblin Shredder | 1 | 375 | / | 100 |
| Nether Drake | 1 | 365 | / | 80 |
| Nether Dragon | 1 | 745 | / | 200 |
| total: | 33 | 7335g | / | 1525w |
| Graveyard | 1 | 215 | / | 0 |
| Crypt | 1 | 200 | / | 50 |
| Ziggurat | 10 | 1500 | / | 500 |
| Altar of Darkness | 1 | 180 | / | 50 |
| Tomb of Relics | 1 | 130 | / | 30 |
| Necropolis | 2 | 450 | / | 0 |
| Slaughterhouse | 1 | 140 | / | 135 |
| Sacrificial Pit | 2 | 150 | / | 300 |
| Boneyard | 1 | 175 | / | 200 |
| Halls of the Dead | 1 | 320 | / | 210 |
| Black Citadel | 1 | 325 | / | 230 |
| total: | 20 | 3140g | / | 1265w |
| 0:04 | Acolyte |
| 0:04 | Acolyte |
| 0:35 | Graveyard |
| 0:41 | Crypt |
| 0:43 | Ziggurat |
| 1:07 | Altar of Darkness |
| 1:16 | Tomb of Relics |
| 1:42 | Ghoul |
| 1:42 | Ghoul |
| 1:58 | Ziggurat |
| 2:12 | Crypt Fiend |
| 2:43 | Crypt Fiend |
| 3:11 | Rod of Necromancy |
| 3:13 | Death Coil |
| 3:21 | Halls of the Dead |
| 3:45 | Crypt Fiend |
| 3:48 | Ghoul |
| 3:51 | Ziggurat |
| 4:09 | Crypt Fiend |
| 4:20 | Unholy Aura |
| 4:46 | Ziggurat |
| 4:48 | Creature Attack |
| 5:48 | Necropolis |
| 5:50 | Necropolis |
| 5:54 | Acolyte |
| 5:54 | Acolyte |
| 5:57 | Death Coil |
| 7:08 | Black Citadel |
| 7:10 | Creature Carapace |
| 7:12 | Web |
| 7:15 | Impale |
| 7:26 | Rod of Necromancy |
| 7:47 | Acolyte |
| 7:47 | Acolyte |
| 7:48 | Acolyte |
| 7:52 | Acolyte |
| 8:12 | Ring of Regeneration |
| 8:46 | Unholy Aura |
| 8:52 | Ziggurat |
| 8:53 | Ziggurat |
| 8:54 | Ziggurat |
| 8:55 | Ziggurat |
| 8:59 | Slaughterhouse |
| 9:01 | Sacrificial Pit |
| 9:04 | Sacrificial Pit |
| 9:23 | Crypt Fiend |
| 9:23 | Crypt Fiend |
| 9:23 | Crypt Fiend |
| 9:53 | Ziggurat |
| 9:54 | Ziggurat |
| 9:56 | Boneyard |
| 10:32 | Goblin Shredder |
| 11:19 | Spiked Carapace |
| 11:46 | Crypt Fiend |
| 11:46 | Crypt Fiend |
| 11:46 | Crypt Fiend |
| 11:47 | Crypt Fiend |
| 12:13 | Frost Wyrm |
| 12:13 | Frost Wyrm |
| 12:13 | Frost Wyrm |
| 12:16 | Obsidian Statue |
| 12:17 | Obsidian Statue |
| 12:36 | Nether Drake |
| 12:43 | Frost Wyrm |
| 13:02 | Ring of Regeneration |
| 13:22 | Scroll of Town Portal |
| 13:53 | Obsidian Statue |
| 14:02 | Frost Nova |
| 14:51 | Frost Wyrm |
| 15:26 | Nether Dragon |
| 15:54 | Death Coil |
| 16:03 | Impale |
| 16:06 | Frost Armor |
| Right click | 518 |
| Select | 219 |
| Select group | 144 |
| Assign group | 128 |
| Build/train/purchase | 72 |
| Chat | 55 |
| Use ability | 29 |
| Esc | 6 |
| Minimap ping | 6 |
| Item give/drop | 4 |
| Misc. action | 3 |
| Remove unit | 3 |



| Healing Salve | 3 | 300 |
| Lesser Clarity Potion | 2 | 140 |
| Scroll of Town Portal | 2 | 700 |
| total: | 7 | 1140g |
| Peon | 7 | 525 | / | 0 |
| Grunt | 4 | 800 | / | 0 |
| Troll Headhunter | 6 | 840 | / | 120 |
| Troll Berserker | 7 | 980 | / | 140 |
| Tauren | 3 | 840 | / | 240 |
| Shaman | 2 | 260 | / | 40 |
| total: | 29 | 4245g | / | 540w |
| Altar of Storms | 1 | 180 | / | 50 |
| Orc Burrow | 5 | 800 | / | 200 |
| Barracks | 3 | 540 | / | 150 |
| Voodoo Lounge | 1 | 130 | / | 30 |
| War Mill | 1 | 205 | / | 0 |
| Spirit Lodge | 1 | 150 | / | 150 |
| Tauren Totem | 1 | 135 | / | 155 |
| Stronghold | 1 | 315 | / | 190 |
| Fortress | 1 | 325 | / | 190 |
| total: | 13 | 2140g | / | 735w |
| 0:03 | Peon |
| 0:06 | Altar of Storms |
| 0:08 | Orc Burrow |
| 0:14 | Peon |
| 0:31 | Barracks |
| 0:44 | Peon |
| 1:16 | Peon |
| 1:17 | Peon |
| 1:35 | Grunt |
| 1:36 | Orc Burrow |
| 1:42 | Peon |
| 2:06 | Peon |
| 2:10 | Feral Spirit |
| 2:22 | Voodoo Lounge |
| 2:31 | Grunt |
| 3:08 | Stronghold |
| 3:14 | War Mill |
| 3:33 | Healing Salve |
| 3:42 | Grunt |
| 4:00 | Orc Burrow |
| 4:22 | Grunt |
| 4:45 | Troll Headhunter |
| 4:59 | Chain Lighting |
| 5:21 | Troll Headhunter |
| 5:23 | Orc Burrow |
| 5:34 | Fortress |
| 6:27 | Troll Headhunter |
| 6:30 | Barracks |
| 6:34 | Spirit Lodge |
| 7:10 | Feral Spirit |
| 7:36 | Troll Headhunter |
| 7:37 | Troll Headhunter |
| 7:40 | Barracks |
| 7:41 | Tauren Totem |
| 8:16 | Berserker Upgrade |
| 8:20 | Shaman Adept Training |
| 8:40 | Troll Headhunter |
| 9:12 | Healing Salve |
| 9:42 | Hex |
| 9:45 | Troll Berserker |
| 9:47 | Tauren |
| 9:49 | Shaman Master Training |
| 9:55 | Chain Lighting |
| 10:00 | Scroll of Town Portal |
| 10:02 | Healing Salve |
| 10:25 | Shaman |
| 10:44 | Troll Berserker |
| 10:44 | Troll Berserker |
| 11:46 | Orc Burrow |
| 12:08 | Summon Lava Spawn |
| 12:32 | Troll Berserker |
| 12:47 | Lesser Clarity Potion |
| 12:55 | Lesser Clarity Potion |
| 13:14 | Scroll of Town Portal |
| 13:43 | Troll Berserker |
| 14:06 | Healing Wave |
| 14:16 | Troll Berserker |
| 14:36 | Tauren |
| 14:59 | Steel Ranged Weapons |
| 15:19 | Feral Spirit |
| 15:22 | Soul Burn |
| 15:55 | Healing Wave |
| 16:09 | Troll Berserker |
| 16:09 | Shaman |
| 16:09 | Tauren |
| Select | 336 |
| Right click | 246 |
| Select group | 191 |
| Misc. action | 119 |
| Build/train/purchase | 87 |
| Assign group | 34 |
| Use ability | 30 |
| Chat | 28 |
| Item give/drop | 1 |
| Esc | 1 |

| Scroll of Regeneration | 1 | 100 |
| Lesser Clarity Potion | 1 | 70 |
| Scroll of Town Portal | 3 | 1050 |
| Boots of Speed | 1 | 250 |
| total: | 6 | 1470g |
| Peasant | 22 | 1650 | / | 0 |
| Footman | 2 | 270 | / | 0 |
| Rifleman | 5 | 1025 | / | 150 |
| Mortar Team | 6 | 1080 | / | 420 |
| Sorceress | 3 | 465 | / | 60 |
| Priest | 2 | 270 | / | 20 |
| total: | 40 | 4760g | / | 650w |
| Scout Tower | 5 | 150 | / | 100 |
| Arcane Tower | 2 | 140 | / | 100 |
| Guard Tower | 2 | 140 | / | 100 |
| Altar of Kings | 1 | 180 | / | 50 |
| Farm | 10 | 800 | / | 200 |
| Barracks | 1 | 160 | / | 60 |
| Lumber Mill | 1 | 120 | / | 0 |
| Town Hall | 1 | 385 | / | 205 |
| Arcane Vault | 2 | 260 | / | 60 |
| Blacksmith | 1 | 140 | / | 60 |
| Workshop | 2 | 280 | / | 280 |
| Arcane Sanctum | 1 | 150 | / | 140 |
| Keep | 1 | 320 | / | 210 |
| Castle | 1 | 360 | / | 210 |
| total: | 25 | 2625g | / | 1155w |
| 0:06 | Peasant |
| 0:06 | Peasant |
| 0:29 | Altar of Kings |
| 0:31 | Farm |
| 0:33 | Peasant |
| 0:33 | Peasant |
| 0:34 | Peasant |
| 0:55 | Peasant |
| 1:08 | Barracks |
| 1:10 | Peasant |
| 1:21 | Scout Tower |
| 1:23 | Peasant |
| 1:36 | Farm |
| 1:38 | Peasant |
| 1:52 | Lumber Mill |
| 1:53 | Arcane Tower |
| 1:55 | Peasant |
| 2:13 | Footman |
| 2:17 | Farm |
| 2:30 | Summon Water Elemental |
| 2:38 | Footman |
| 3:00 | Peasant |
| 3:00 | Peasant |
| 3:24 | Peasant |
| 3:24 | Peasant |
| 3:45 | Town Hall |
| 3:48 | Scout Tower |
| 3:51 | Scout Tower |
| 3:53 | Farm |
| 3:57 | Brilliance Aura |
| 4:16 | Guard Tower |
| 4:22 | Scout Tower |
| 4:34 | Arcane Vault |
| 4:39 | Guard Tower |
| 4:48 | Arcane Tower |
| 4:51 | Arcane Vault |
| 5:20 | Keep |
| 5:24 | Peasant |
| 5:36 | Blacksmith |
| 5:39 | Improved Masonry |
| 5:57 | Boots of Speed |
| 6:01 | Farm |
| 6:02 | Peasant |
| 6:03 | Peasant |
| 6:12 | Summon Water Elemental |
| 6:37 | Rifleman |
| 6:37 | Rifleman |
| 6:40 | Black Gunpowder |
| 6:40 | Studded Leather Armor |
| 7:31 | Rifleman |
| 7:31 | Rifleman |
| 7:35 | Farm |
| 7:52 | Workshop |
| 7:54 | Workshop |
| 7:59 | Arcane Sanctum |
| 8:03 | Peasant |
| 8:03 | Peasant |
| 8:05 | Improved Lumber Harvesting |
| 8:23 | Long Rifles |
| 8:28 | Peasant |
| 8:28 | Peasant |
| 8:54 | Castle |
| 9:07 | Flare |
| 9:12 | Magic Sentry |
| 9:29 | Peasant |
| 9:32 | Mortar Team |
| 9:34 | Sorceress |
| 9:34 | Priest |
| 9:36 | Sorceress Adept Training |
| 9:37 | Priest Adept Training |
| 9:52 | Scroll of Town Portal |
| 9:52 | Scroll of Regeneration |
| 9:53 | Lesser Clarity Potion |
| 10:01 | Advanced Masonry |
| 10:04 | Rifleman |
| 10:05 | Mortar Team |
| 10:09 | Farm |
| 10:12 | Farm |
| 10:29 | Sorceress |
| 10:36 | Brilliance Aura |
| 10:53 | Farm |
| 10:54 | Refined Gunpowder |
| 10:55 | Reinforced Leather Armor |
| 11:28 | Fragmentation Shards |
| 11:45 | Farm |
| 12:15 | Mortar Team |
| 12:16 | Mortar Team |
| 12:18 | Sorceress |
| 12:19 | Priest |
| 14:28 | Scroll of Town Portal |
| 14:28 | Scroll of Town Portal |
| 14:52 | Scout Tower |
| 16:11 | Brilliance Aura |
| 16:17 | Mortar Team |
| 16:17 | Mortar Team |
| Select | 274 |
| Right click | 194 |
| Build/train/purchase | 95 |
| Misc. action | 45 |
| Chat | 32 |
| Use ability | 8 |
| Select group | 8 |
| Assign group | 2 |
| Minimap ping | 2 |
| Remove unit | 1 |
138 units @ 20.6k
/ 2.8k
64 buildings @ 10.5k
/ 4.3k



| Rod of Necromancy | 1 | 150 |
| total: | 1 | 150g |
| Acolyte | 7 | 525 | / | 0 |
| Ghoul | 6 | 720 | / | 0 |
| Crypt Fiend | 4 | 860 | / | 160 |
| Frost Wyrm | 8 | 3080 | / | 960 |
| Goblin Shredder | 1 | 375 | / | 100 |
| total: | 26 | 5560g | / | 1220w |
| Spirit Tower | 12 | 1740 | / | 480 |
| Ziggurat | 12 | 1800 | / | 600 |
| Crypt | 1 | 200 | / | 50 |
| Graveyard | 1 | 215 | / | 0 |
| Altar of Darkness | 1 | 180 | / | 50 |
| Tomb of Relics | 1 | 130 | / | 30 |
| Necropolis | 1 | 225 | / | 0 |
| Boneyard | 3 | 525 | / | 600 |
| Halls of the Dead | 1 | 320 | / | 210 |
| Black Citadel | 1 | 325 | / | 230 |
| total: | 20 | 3275g | / | 1330w |
| 0:05 | Acolyte |
| 0:06 | Acolyte |
| 0:18 | Ziggurat |
| 0:37 | Crypt |
| 0:52 | Graveyard |
| 1:11 | Acolyte |
| 1:17 | Altar of Darkness |
| 1:34 | Ziggurat |
| 1:50 | Ghoul |
| 1:51 | Ghoul |
| 2:16 | Tomb of Relics |
| 2:21 | Ziggurat |
| 2:36 | Ziggurat |
| 2:44 | Ghoul |
| 3:26 | Necropolis |
| 3:36 | Carrion Beetles |
| 3:41 | Rod of Necromancy |
| 3:56 | Ghoul |
| 4:07 | Halls of the Dead |
| 5:45 | Acolyte |
| 5:45 | Acolyte |
| 5:45 | Acolyte |
| 5:46 | Acolyte |
| 6:06 | Spiked Carapace |
| 6:28 | Spirit Tower |
| 6:33 | Ghoul |
| 6:33 | Ghoul |
| 6:43 | Goblin Shredder |
| 7:14 | Ziggurat |
| 7:17 | Ziggurat |
| 7:20 | Ziggurat |
| 7:42 | Spirit Tower |
| 7:45 | Black Citadel |
| 8:07 | Ziggurat |
| 8:21 | Creature Attack |
| 8:22 | Creature Carapace |
| 8:27 | Spirit Tower |
| 8:29 | Spirit Tower |
| 8:32 | Spirit Tower |
| 8:37 | Carrion Beetles |
| 9:05 | Summon Lava Spawn |
| 9:23 | Crypt Fiend |
| 9:23 | Crypt Fiend |
| 9:56 | Ziggurat |
| 10:15 | Boneyard |
| 10:24 | Boneyard |
| 10:26 | Improved Creature Attack |
| 10:27 | Improved Creature Carapace |
| 10:34 | Spirit Tower |
| 10:36 | Spirit Tower |
| 10:38 | Spirit Tower |
| 10:49 | Spirit Tower |
| 12:11 | Spiked Carapace |
| 12:35 | Freezing Breath |
| 12:36 | Frost Wyrm |
| 12:40 | Frost Wyrm |
| 12:40 | Frost Wyrm |
| 12:42 | Advanced Creature Attack |
| 12:47 | Ziggurat |
| 12:57 | Ziggurat |
| 13:05 | Advanced Creature Carapace |
| 14:16 | Spirit Tower |
| 14:17 | Spirit Tower |
| 14:41 | Frost Wyrm |
| 14:54 | Death Coil |
| 14:58 | Frost Wyrm |
| 14:58 | Frost Wyrm |
| 15:02 | Ziggurat |
| 15:05 | Boneyard |
| 16:02 | Spirit Tower |
| 16:08 | Crypt Fiend |
| 16:08 | Web |
| 16:09 | Crypt Fiend |
| 16:13 | Frost Wyrm |
| 16:14 | Frost Wyrm |
| Right click | 371 |
| Select | 175 |
| Build/train/purchase | 67 |
| Misc. action | 7 |
| Use ability | 7 |
| Minimap ping | 2 |


| Healing Salve | 2 | 200 |
| Orb of Lightning | 1 | 375 |
| Lesser Clarity Potion | 1 | 70 |
| total: | 4 | 645g |
| Peon | 8 | 600 | / | 0 |
| Grunt | 5 | 1000 | / | 0 |
| Raider | 9 | 1620 | / | 360 |
| total: | 22 | 3220g | / | 360w |
| Altar of Storms | 1 | 180 | / | 50 |
| Orc Burrow | 5 | 800 | / | 200 |
| War Mill | 1 | 205 | / | 0 |
| Barracks | 1 | 180 | / | 50 |
| Voodoo Lounge | 1 | 130 | / | 30 |
| Beastiary | 2 | 290 | / | 280 |
| Stronghold | 1 | 315 | / | 190 |
| Fortress | 1 | 325 | / | 190 |
| total: | 11 | 1785g | / | 610w |
| 0:05 | Peon |
| 0:05 | Peon |
| 0:05 | Peon |
| 0:32 | Altar of Storms |
| 0:44 | Orc Burrow |
| 0:46 | War Mill |
| 1:13 | Peon |
| 1:13 | Peon |
| 1:16 | Peon |
| 1:37 | Barracks |
| 1:53 | Peon |
| 2:04 | Orc Burrow |
| 2:20 | Peon |
| 2:41 | Feral Spirit |
| 2:42 | Grunt |
| 3:04 | Voodoo Lounge |
| 3:13 | Grunt |
| 3:28 | Stronghold |
| 3:51 | Grunt |
| 4:06 | Orc Burrow |
| 4:12 | Healing Salve |
| 4:59 | Chain Lighting |
| 5:15 | Grunt |
| 5:20 | Steel Melee Weapons |
| 5:21 | Steel Armor |
| 5:37 | Grunt |
| 6:31 | Pillage |
| 6:33 | Beastiary |
| 6:36 | Beastiary |
| 7:17 | Fortress |
| 7:46 | Orc Burrow |
| 7:48 | Ensnare |
| 7:49 | Raider |
| 7:50 | Raider |
| 7:56 | Feral Spirit |
| 7:58 | War Stomp |
| 8:29 | Raider |
| 8:30 | Raider |
| 8:50 | Orc Burrow |
| 8:51 | Raider |
| 10:37 | Raider |
| 10:38 | Raider |
| 10:38 | Raider |
| 11:51 | Endurance Aura |
| 12:19 | Orb of Lightning |
| 12:20 | Healing Salve |
| 12:24 | Lesser Clarity Potion |
| 12:28 | Raider |
| Right click | 356 |
| Select | 206 |
| Build/train/purchase | 59 |
| Misc. action | 41 |
| Use ability | 14 |
| Esc | 2 |

| Healing Salve | 1 | 100 |
| Potion of Mana | 2 | 400 |
| Lesser Clarity Potion | 1 | 70 |
| Scroll of Town Portal | 2 | 700 |
| total: | 6 | 1270g |
| Peon | 20 | 1500 | / | 0 |
| Troll Headhunter | 15 | 2100 | / | 300 |
| Troll Witch Doctor | 4 | 580 | / | 100 |
| Troll Berserker | 6 | 840 | / | 120 |
| Wind Rider | 5 | 1325 | / | 200 |
| Crypt Fiend | 6 | 1290 | / | 240 |
| total: | 56 | 7635g | / | 960w |
| Watch Tower | 4 | 440 | / | 320 |
| Altar of Storms | 1 | 180 | / | 50 |
| Orc Burrow | 4 | 640 | / | 160 |
| War Mill | 1 | 205 | / | 0 |
| Barracks | 2 | 360 | / | 100 |
| Voodoo Lounge | 1 | 130 | / | 30 |
| Great Hall | 1 | 385 | / | 185 |
| Spirit Lodge | 2 | 300 | / | 300 |
| Stronghold | 1 | 315 | / | 190 |
| Fortress | 1 | 325 | / | 190 |
| total: | 16 | 2640g | / | 1145w |
| 0:14 | Peon |
| 0:15 | Peon |
| 0:42 | Peon |
| 0:42 | Peon |
| 0:52 | Altar of Storms |
| 0:55 | Orc Burrow |
| 1:04 | War Mill |
| 1:14 | Peon |
| 1:22 | Barracks |
| 1:24 | Peon |
| 1:30 | Peon |
| 1:51 | Orc Burrow |
| 1:54 | Peon |
| 2:08 | Voodoo Lounge |
| 2:25 | Troll Headhunter |
| 2:25 | Troll Headhunter |
| 2:29 | Peon |
| 2:48 | Troll Headhunter |
| 2:59 | Serpent Ward |
| 3:04 | Troll Headhunter |
| 3:21 | Orc Burrow |
| 3:41 | Troll Headhunter |
| 3:45 | Healing Salve |
| 3:56 | Troll Headhunter |
| 3:59 | Steel Ranged Weapons |
| 4:34 | Healing Wave |
| 5:01 | Great Hall |
| 5:04 | Stronghold |
| 5:41 | Serpent Ward |
| 5:47 | Troll Headhunter |
| 5:48 | Troll Headhunter |
| 5:49 | Steel Armor |
| 6:30 | Troll Headhunter |
| 6:30 | Troll Headhunter |
| 6:56 | Orc Burrow |
| 7:10 | Troll Headhunter |
| 7:38 | Healing Wave |
| 8:12 | Fortress |
| 8:16 | Spirit Lodge |
| 8:21 | Spirit Lodge |
| 8:23 | Troll Regeneration |
| 8:23 | Troll Headhunter |
| 8:23 | Troll Headhunter |
| 8:24 | Troll Headhunter |
| 8:28 | Thorium Ranged Weapons |
| 9:07 | Troll Headhunter |
| 9:14 | Peon |
| 9:14 | Peon |
| 9:14 | Peon |
| 9:14 | Peon |
| 10:00 | Witch Doctor Adept Training |
| 10:01 | Troll Witch Doctor |
| 10:01 | Troll Witch Doctor |
| 10:02 | Troll Witch Doctor |
| 10:19 | Barracks |
| 10:33 | Berserker Upgrade |
| 10:41 | Scroll of Town Portal |
| 10:53 | Potion of Mana |
| 11:06 | Witch Doctor Master Training |
| 11:59 | Serpent Ward |
| 12:40 | Troll Witch Doctor |
| 12:42 | Troll Berserker |
| 12:42 | Troll Berserker |
| 12:42 | Troll Berserker |
| 12:42 | Troll Berserker |
| 12:46 | Peon |
| 12:46 | Peon |
| 12:46 | Peon |
| 12:49 | Peon |
| 12:49 | Peon |
| 12:49 | Peon |
| 12:49 | Peon |
| 12:56 | Troll Berserker |
| 12:56 | Troll Berserker |
| 13:01 | Lesser Clarity Potion |
| 13:05 | Potion of Mana |
| 13:16 | Scroll of Town Portal |
| 13:52 | Watch Tower |
| 13:55 | Watch Tower |
| 14:36 | Watch Tower |
| 14:39 | Watch Tower |
| 14:45 | Crypt Fiend |
| 14:45 | Crypt Fiend |
| 14:45 | Crypt Fiend |
| 14:45 | Crypt Fiend |
| 14:45 | Crypt Fiend |
| 14:45 | Crypt Fiend |
| 14:58 | Wind Rider |
| 14:58 | Wind Rider |
| 14:58 | Wind Rider |
| 14:58 | Wind Rider |
| 14:58 | Wind Rider |
| Right click | 1038 |
| Select | 326 |
| Select group | 185 |
| Build/train/purchase | 98 |
| Use ability | 62 |
| Chat | 38 |
| Assign group | 6 |
| Remove unit | 5 |
| Item give/drop | 3 |
| Misc. action | 1 |


| Rod of Necromancy | 5 | 750 |
| Potion of Healing | 3 | 450 |
| Ritual Dagger | 1 | 125 |
| Potion of Mana | 2 | 400 |
| Scroll of Town Portal | 2 | 700 |
| Dust of Appearance | 1 | 75 |
| total: | 14 | 2500g |
| Acolyte | 11 | 825 | / | 0 |
| Ghoul | 16 | 1920 | / | 0 |
| Crypt Fiend | 5 | 1075 | / | 200 |
| Obsidian Statue | 2 | 400 | / | 70 |
| total: | 34 | 4220g | / | 270w |
| Crypt | 1 | 200 | / | 50 |
| Altar of Darkness | 1 | 180 | / | 50 |
| Ziggurat | 8 | 1200 | / | 400 |
| Tomb of Relics | 1 | 130 | / | 30 |
| Graveyard | 1 | 215 | / | 0 |
| Necropolis | 1 | 225 | / | 0 |
| Slaughterhouse | 1 | 140 | / | 135 |
| Boneyard | 3 | 525 | / | 600 |
| Halls of the Dead | 2 | 640 | / | 420 |
| Black Citadel | 1 | 325 | / | 230 |
| total: | 17 | 2815g | / | 1265w |
| 0:03 | Acolyte |
| 0:03 | Acolyte |
| 0:11 | Crypt |
| 0:15 | Altar of Darkness |
| 0:35 | Ziggurat |
| 0:58 | Tomb of Relics |
| 1:06 | Ziggurat |
| 1:16 | Ghoul |
| 1:16 | Ghoul |
| 1:16 | Ghoul |
| 1:16 | Ghoul |
| 1:16 | Ghoul |
| 1:16 | Ghoul |
| 1:28 | Ghoul |
| 1:40 | Ghoul |
| 1:40 | Ghoul |
| 2:00 | Ghoul |
| 2:18 | Ghoul |
| 2:36 | Halls of the Dead |
| 2:39 | Rod of Necromancy |
| 2:39 | Rod of Necromancy |
| 2:53 | Death Coil |
| 2:58 | Ghoul |
| 3:54 | Graveyard |
| 3:55 | Ghoul |
| 3:55 | Ghoul |
| 3:55 | Ghoul |
| 3:56 | Ghoul |
| 4:00 | Ziggurat |
| 4:06 | Unholy Aura |
| 4:58 | Death Coil |
| 5:21 | Slaughterhouse |
| 5:25 | Acolyte |
| 5:25 | Acolyte |
| 5:25 | Acolyte |
| 5:25 | Acolyte |
| 5:28 | Crypt Fiend |
| 5:29 | Crypt Fiend |
| 6:07 | Rod of Necromancy |
| 6:24 | Frost Nova |
| 6:43 | Necropolis |
| 7:06 | Frost Armor |
| 7:33 | Scroll of Town Portal |
| 7:34 | Potion of Healing |
| 7:41 | Obsidian Statue |
| 7:46 | Ritual Dagger |
| 8:04 | Crypt Fiend |
| 8:51 | Acolyte |
| 8:51 | Acolyte |
| 8:51 | Acolyte |
| 8:54 | Acolyte |
| 8:54 | Acolyte |
| 8:59 | Crypt Fiend |
| 9:04 | Obsidian Statue |
| 9:15 | Rod of Necromancy |
| 10:06 | Black Citadel |
| 10:11 | Ziggurat |
| 10:12 | Ziggurat |
| 10:14 | Ziggurat |
| 10:17 | Ziggurat |
| 10:18 | Ziggurat |
| 10:40 | Rod of Necromancy |
| 10:41 | Dust of Appearance |
| 10:42 | Potion of Healing |
| 10:43 | Potion of Mana |
| 10:59 | Web |
| 11:02 | Creature Attack |
| 11:02 | Creature Carapace |
| 11:03 | Improved Creature Carapace |
| 11:51 | Potion of Healing |
| 11:53 | Potion of Mana |
| 11:55 | Scroll of Town Portal |
| 12:07 | Crypt Fiend |
| 12:19 | Frost Nova |
| 12:23 | Unholy Aura |
| 12:50 | Boneyard |
| 12:51 | Boneyard |
| 12:53 | Boneyard |
| Right click | 748 |
| Select | 290 |
| Build/train/purchase | 107 |
| Select group | 84 |
| Use ability | 24 |
| Assign group | 12 |
| Misc. action | 10 |
| Esc | 8 |
| Minimap ping | 2 |
| Item give/drop | 1 |
⇛